 Dungeon Crawl Stone Soup version 0.29-a0-96-g93358da72b (webtiles) character file.

Game seed: 16583084917233520743

18888 enile the Blocker (level 12, -3/117 HPs)
             Began as a Yellow Draconian Transmuter on Feb 13, 2022.
             Was a Priest of Ashenzari.
             Killed from afar by an ogre mage (32 damage)
             ... with a bolt of magma
             ... in a volcano.
             The game lasted 00:41:57 (17307 turns).

enile the Blocker (Yellow Draconian Transmuter)    Turns: 17307, Time: 00:41:58

Health: -3/117     AC: 11    Str: 19    XL:     12   Next: 31%
Magic:  15/15      EV: 14    Int: 17    God:    Ashenzari [***...]
Gold:   464        SH: 13    Dex: 13    Spells: 17/18 levels left

rFire   . . .      SeeInvis +   h - +0 morningstar of the Eye in the Sky {freeze, Cun, Self} (curse)
rCold   . . .      Faith    .   k - +0 kite shield of the Ensconced Pleiades {Self, Elem} (curse)
rNeg    + . .      Spirit   .   (armour unavailable)
rPois   .          Reflect  .   S - +2 hat "Ordeal of Ashenzari" {Range, Melee} (curse)
rElec   .          Harm     .   a - +0 cloak of Ashenzari's Fetters {Fort, Range} (curse)
rCorr   +          Rampage  .   (no gloves)
Will    .....      Clarity  +   (no boots)
Stlth   ++........              A - amulet of magic regeneration
HPRegen 0.29/turn               w - ring "Ensconced Together" {Str+6, Melee, Elem} (curse)
MPRegen 0.54/turn               x - ring of positive energy

@: short of breath, flying, hasted, invisible, very quick
A: spit acid, AC +8, unfitting armour, cold-blooded, acid resistance, big wings,
talons 1, low MP 1
a: Breathe Acid, Renounce Religion, Curse Item, Shatter the Chains


You were in a volcano.
You worshipped Ashenzari.
Ashenzari was most pleased with you.
You visited 2 branches of the dungeon, and saw 12 of its levels.
You also visited: Bailey and Volcano.

You collected 626 gold pieces.
You spent 162 gold pieces at shops.

Inventory:

Hand Weapons
 d - a +1 antimagic hand axe
 f - a +2 falchion of electrocution
 h - the cursed +0 morningstar of the Eye in the Sky (weapon) {freeze, Cun, Self}
   (You found it on level 2 of the Dungeon)

   It freezes those it strikes, dealing additional cold damage.
   It can also slow down cold-blooded creatures.
   It has a curse which improves the following skills: Cunning: Dodging and
   Stealth.
   Introspection: Fighting and Spellcasting.
 m - a +2 flail of protection
 u - a +1 falchion
 E - a +2 flail of draining
 I - a +1 broad axe of flaming
 K - a +1 halberd of electrocution
 M - a +2 halberd of draining
Missiles
 b - 22 poisoned darts
 e - a boomerang
Armour
 a - the cursed +0 cloak of Ashenzari's Fetters (worn) {Fort, Range}
   (You found it on level 1 of the Dungeon)

   It has a curse which improves the following skills: Fortitude: Shields.
   Ranged Combat: Slings, Bows, Crossbows and Throwing.
 k - the cursed +0 kite shield of the Ensconced Pleiades (worn) {Self, Elem}
   (You took it off a kobold on level 2 of the Dungeon)

   It has a curse which improves the following skills: Introspection: Fighting
   and Spellcasting.
   Elements:  Fire Magic, Ice Magic, Air Magic and Earth Magic.
 s - a +1 cloak
 S - the cursed +2 hat "Ordeal of Ashenzari" (worn) {Range, Melee}
   (You found it on level 10 of the Dungeon)

   It has a curse which improves the following skills: Ranged Combat: Slings,
   Bows, Crossbows and Throwing.
   Melee Combat: Short Blades, Long Blades, Axes, Maces & Flails, Polearms,
   Staves and Unarmed Combat.
Jewellery
 w - the cursed ring "Ensconced Together" (left hand) {Str+6, Melee, Elem}
   (You found it on level 6 of the Dungeon)

   [ring of strength]

   Str:       It affects your strength (+6).
   It has a curse which improves the following skills: Melee Combat: Short
   Blades, Long Blades, Axes, Maces & Flails, Polearms, Staves and Unarmed
   Combat.
   Elements:  Fire Magic, Ice Magic, Air Magic and Earth Magic.
 x - a ring of positive energy (right hand)
 A - an amulet of magic regeneration (around neck)
 C - a ring of positive energy
 F - a +6 ring of intelligence
Wands
 c - a wand of digging (5)
 l - a wand of polymorph (2)
 U - a wand of flame (1)
Scrolls
 g - 2 scrolls of noise
 j - a scroll of silence
 n - a scroll of immolation
 p - 2 scrolls of brand weapon
 v - a scroll of holy word
 y - a scroll of magic mapping
 D - 2 scrolls of amnesia
 G - a scroll of enchant armour
Potions
 o - 3 potions of heal wounds
 q - 3 potions of flight
 r - a potion of curing
 t - 5 potions of brilliance
 z - 2 potions of ambrosia
 B - a potion of resistance
 H - a potion of magic
 O - 2 potions of haste
 P - a potion of cancellation
 Q - 2 potions of might
 R - 3 potions of mutation
Miscellaneous
 i - a phial of floods (inert)


   Skills:
 + Level 11.8(14.2) Fighting
 - Level 2.0(6.6) Axes
 - Level 8.4(11.0) Maces & Flails
 - Level 6.4(8.1) Dodging
 - Level 2.7(4.1) Stealth
 - Level 12.4(14.0) Shields
 - Level 3.0(5.1) Unarmed Combat
 - Level 2.0(3.8) Spellcasting
 - Level 3.0 Transmutations
 - Level 4.0 Evocations


You had 17 spell levels left.
You knew the following spells:

 Your Spells              Type           Power      Damage    Failure   Level
a - Beastly Appendage     Tmut           26%        N/A       9%          1

Your spell library contained the following spells:

 Spells                   Type           Power      Damage    Failure   Level
 Wereblood                Tmut           13%        N/A       13%         2
 Foxfire                  Conj/Fire      12%        2x1d4     28%         1
 Sublimation of Blood     Necr           3%         N/A       41%         2
 Spider Form              Tmut/Pois      8%         N/A       43%         3
 Ozocubu's Armour         Ice            4%         N/A       61%         3
 Conjure Flame            Conj/Fire      3%         6-21      63%         3
 Inner Flame              Hex/Fire       3%         N/A       63%         3
 Dazzling Flash           Conj/Hex       6%         N/A       65%         3
 Ice Form                 Ice/Tmut       8%         N/A       83%         4
 Flame Wave               Conj/Fire      3%         2d4       95%         4
 Agony                    Necr           3%         N/A       100%        5
 Silence                  Hex/Air        1%         N/A       100%        5
 Conjure Ball Lightning   Conj/Air       1%         3x3d6     100%        6
 Ozocubu's Refrigeration  Ice            2%         4d5       100%        7
 Summon Hydra             Summ           1%         N/A       100%        7
 Discord                  Hex            1%         N/A       100%        8
 Disjunction              Tloc           1%         N/A       100%        8


Dungeon Overview and Level Annotations

Branches:
Dungeon (10/15)            Temple (0/1) D:4            Lair (2/6) D:8
 Spider (0/4) Lair:2       Bailey (visited)         Volcano (1/1)
  Swamp: Lair:2-4    Shoals: Lair:2-4       Orc: D:9-12

Altars:
Ashenzari
Cheibriados
Uskayaw

Shops:
D:2 [   D:3 =   D:6 *   D:7 [

Annotations:
D:4 3 runed translucent doors, exclusion: black bear, Cecur's ghost, amateur DsFE
D:9 exclusion: ugly thing


Innate Abilities, Weirdness & Mutations

You can spit globs of acid.
Your golden yellow scales are hard. (AC +8)
You cannot fit into any form of body armour.
You are cold-blooded and may be slowed by cold attacks.
You are resistant to acid. (rCorr)
Your large and strong wings let you fly.
You have sharp toenails.
Your magical capacity is low. (-10% MP)


Message History

The two-headed ogre shouts in stereo!
There is a rocky tunnel leading out of this place here.
You see here a datura-tipped dart.
You block the two-headed ogre's attack.
The two-headed ogre hits you with a +0 great mace of flaming!
The two-headed ogre burns you.
* * * LOW HITPOINT WARNING * * *
You see here a +1 scale mail of fire resistance.
As you read the scroll of fog, it crumbles to dust.
The scroll dissolves into smoke.
You block the two-headed ogre's attack. x2
You see here a potion of resistance.
B - a potion of resistance The two-headed ogre misses you.
You block the two-headed ogre's attack.
Press: ? - help, v - describe, . - travel, g - get item
Here: an ogre mage, wielding a +1 whip of flaming and wearing a +0 robe of fire resistance (black smoke, severely wounded, slightly transparent) Item here: a +1 scale mail of fire resistance.
The floor.
Unknown command.
Press: ? - help, v - describe, . - travel, g - get item Item here: a datura-tipped dart.
A rocky tunnel leading out of this place.
There is a cloud of black smoke here.
Press: ? - help, v - describe, . - travel, g - get item Item here: a +1 cloak of fire resistance.
The floor.
There is a cloud of black smoke here.
Okay, then.
You feel yourself speed up. You block the two-headed ogre's attack.
The two-headed ogre hits you with a +0 great mace of flaming!
* * * LOW HITPOINT WARNING * * *
The two-headed ogre burns you.
* * * LOW HITPOINT WARNING * * *
The ogre mage casts a spell at you. The bolt of magma hits you!
* * * LOW HITPOINT WARNING * * *
You see here a +0 great mace of flaming.
You feel much better.
The ogre mage gestures at you while chanting.
The bolt of magma hits you!!
You die...

##§≈≈.≈≈# #.§§§..≈§
###.....# #.#...###
##..∩..# #########
#####.## #§§§##§)###
####...
##§§OO§##.O###......
#$§@§§§####O.....§§§
#≈..§§§## ###..§§§§§
#≈≈§§§## #.....§§≈§
##☼§§## ##.....≈≈§
#☼≈#* #.....≈≈§§ ##§
#......≈≈§ ##
####....§≈ * *
#(#..... *#(###...#


You could see a two-headed ogre (fast, corroded) and an ogre mage (invisible).

Vanquished Creatures
  2 hydras (Lair:2)
  2 two-headed ogres (Volcano)
  An orb spider (Volcano)
  A cyclops (D:9)
  7 cane toads
  A polar bear (Lair:1)
  A wraith (D:10)
  A wyvern (Lair:2)
  8 yaks
  A steam dragon (D:8)
  An acid dragon (D:8)
  20 water moccasins
  An orc warrior (D:8)
  An ice beast (D:7)
  2 necrophages
  A sky beast (D:6)
  2 ogres
  2 black bears
  5 centaurs
  A phantom (D:6)
  4 bullfrogs
  A kobold brigand (D:9)
  2 gnoll sergeants (D:10)
  4 scorpions
  A wyvern zombie (D:5)
  5 killer bees
  A water moccasin skeleton (D:5)
  10 wights
  An electric eel (D:9)
  7 howler monkeys
  An orc priest (D:8)
  2 gnoll shamans
  7 hounds
  A jelly (D:4)
  2 bullfrog skeletons
  6 iguanas
  Natasha (thrice) (D:3)
  An orc wizard (D:8)
  A killer bee zombie (D:7)
  2 howler monkey zombies
  Robin (D:3)
  31 gnolls
  27 adders
  A white imp (D:7)
  An ufetubus (D:4)
  A worm (D:5)
  2 dart slugs
  17 orcs
  6 endoplasms
  7 giant cockroaches
  13 goblins
  9 hobgoblins
  6 jackals (D:2)
  14 kobolds
  4 quokkas
  14 ball pythons
  5 bats
  3 frilled lizards (D:1)
  9 rats
  A bush (D:3)
295 creatures vanquished.

Vanquished Creatures (collateral kills)
  An orc warrior (Bailey)
  4 orcs (Bailey)
5 creatures vanquished.

Vanquished Creatures (others)
  8 fungi
  6 plants
14 creatures vanquished.

Grand Total: 314 creatures vanquished

Notes
Turn   | Place    | Note
-------+----------+-------------------------------------------
     0 | D:1      | enile the Draconian Transmuter began the quest for the Orb.
     0 | D:1      | Reached XP level 1. HP: 16/16 MP: 3/3
   522 | D:1      | Reached XP level 2. HP: 24/24 MP: 1/5
  1375 | D:1      | Found a faded altar of an unknown god.
  1385 | D:1      | Reached XP level 3. HP: 26/31 MP: 2/6
  1385 | D:1      | Prayed at the altar of an unknown god.
  1385 | D:1      | Became a worshipper of Ashenzari the Shackled
  1549 | D:1      | Reached skill level 1 in Axes
  2330 | D:2      | Found Xidaeg's Antique Armour Emporium.
  2371 | D:2      | Identified the +6 dagger "Surec" {flame, Str+3}
  2782 | D:3      | Reached * piety under Ashenzari
  2870 | D:3      | Found Gotomahi's Jewellery Boutique.
  2908 | D:3      | Noticed Robin
  2958 | D:3      | Reached XP level 4. HP: 19/38 MP: 5/7
  2973 | D:3      | Identified the cursed +0 cloak of Ashenzari's Fetters
                  | {Fort, Range} (You found it on level 1 of the Dungeon)
  3138 | D:3      | Killed Robin
  3577 | D:3      | Noticed Natasha
  3588 | D:3      | Killed Natasha
  3589 | D:3      | Reached skill level 1 in Shields
  3599 | D:3      | Reached ** piety under Ashenzari
  3847 | D:3      | Noticed Natasha
  3855 | D:3      | Killed Natasha
  3856 | D:3      | Reached XP level 5. HP: 44/48 MP: 7/9
  4029 | D:3      | Noticed Natasha
  4037 | D:3      | Killed Natasha
  4038 | D:3      | Reached skill level 2 in Shields
  4222 | D:3      | Reached skill level 3 in Shields
  4546 | D:4      | Found a staircase to the Ecumenical Temple.
  4546 | D:4      | Noticed a black bear
  5004 | D:4      | Noticed a water moccasin
  5004 | D:4      | a black bear changed into a water moccasin
  5015 | D:4      | Killed a water moccasin
  5016 | D:4      | Reached skill level 4 in Shields
  5016 | D:4      | Reached XP level 6. HP: 34/56 MP: 10/10
  5581 | D:4      | Noticed Cecur's ghost (amateur DsFE)
  5581 | D:4      | Noticed an ice beast
  5591 | D:4      | Found a runed translucent gate.
  5591 | D:4      | Found a runed translucent gate.
  5591 | D:4      | Found a runed translucent gate.
  5688 | D:4      | Reached skill level 1 in Evocations
  5878 | D:4      | Your scales start taking on a golden yellow colour.
  5878 | D:4      | Reached XP level 7. HP: 61/61 MP: 11/11
  5878 | D:4      | Gained mutation: You are resistant to acid. (rCorr) [Yellow
                  | Draconian growth]
  6006 | D:5      | Entered Level 5 of the Dungeon
  6064 | D:5      | Reached skill level 5 in Shields
  6200 | D:5      | Reached skill level 6 in Shields
  6722 | D:5      | Reached skill level 5 in Fighting
  7002 | D:5      | Reached XP level 8. HP: 68/73 MP: 12/12
  7617 | D:6      | Reached skill level 7 in Shields
  8405 | D:6      | Reached *** piety under Ashenzari
  8424 | D:6      | Found Saegh's Assorted Antiques.
  8433 | D:6      | Bought a scroll labelled FYK RUOFANE for 27 gold pieces
  8433 | D:6      | Bought a potion of heal wounds for 135 gold pieces
  8566 | D:7      | Reached XP level 9. HP: 73/86 MP: 13/13
  8640 | D:7      | Found Systret's Antique Armour Boutique.
  8837 | D:7      | Found a snail-covered altar of Cheibriados.
  8993 | D:7      | Identified the +3 chain mail of Negligence {Dex+4}
  9398 | D:8      | Reached skill level 8 in Shields
  9780 | D:8      | Found a broken altar of Ashenzari.
  9843 | D:8      | Reached skill level 1 in Maces & Flails
  9988 | D:8      | Found a staircase to the Lair.
 10435 | D:9      | Found a hide-covered altar of Uskayaw.
 10625 | D:9      | Noticed a cyan ugly thing
 10960 | D:9      | Reached skill level 9 in Shields
 10960 | D:9      | Reached XP level 10. HP: 89/94 MP: 14/14
 11088 | D:9      | Noticed a cyclops
 11097 | D:9      | Killed a cyclops
 11400 | D:10     | Entered Level 10 of the Dungeon
 11450 | D:10     | Reached skill level 5 in Maces & Flails
 11459 | D:10     | Found a flagged portal.
 11648 | Bailey   | Entered a bailey
 11888 | Bailey   | Reached skill level 10 in Shields
 12920 | D:6      | Reached skill level 5 in Dodging
 12920 | D:6      | Reached XP level 11. HP: 95/95 MP: 15/15
 12921 | D:6      | Gained mutation: You have sharp toenails. [potion of
                  | mutation]
 12921 | D:6      | Gained mutation: Your large and strong wings let you fly.
                  | [potion of mutation]
 12921 | D:6      | Gained mutation: You have hidden genetic defects. [potion
                  | of mutation]
 13302 | D:10     | Identified the cursed +2 hat "Ordeal of Ashenzari" {Range,
                  | Melee} (You found it on level 10 of the Dungeon)
 13850 | D:10     | Noticed a tengu reaver
 14275 | D:10     | Noticed a tengu warrior
 14360 | Lair:1   | Entered Level 1 of the Lair of Beasts
 14837 | Lair:1   | Gained mutation: Your magical capacity is low. (-10% MP)
                  | [hidden defects]
 15021 | Lair:1   | Reached skill level 11 in Shields
 15331 | Lair:1   | Reached skill level 1 in Stealth
 15790 | Lair:1   | Gained mutation: You occasionally shout uncontrollably at
                  | your foes. [hidden defects]
 15790 | Lair:1   | Lost mutation: You have hidden genetic defects. [hidden
                  | defects expressed]
 15800 | Lair:1   | Lost mutation: You occasionally shout uncontrollably at
                  | your foes. [potion of mutation]
 15800 | Lair:1   | Lost mutation: Your magical capacity is low. (-10% MP)
                  | [potion of mutation]
 15800 | Lair:1   | Gained mutation: You are occasionally teleported next to
                  | monsters. [potion of mutation]
 15800 | Lair:1   | Gained mutation: Your flesh is heat resistant. (rF+)
                  | [potion of mutation]
 15801 | Lair:1   | Lost mutation: You are occasionally teleported next to
                  | monsters. [potion of mutation]
 15801 | Lair:1   | Lost mutation: Your flesh is heat resistant. (rF+) [potion
                  | of mutation]
 15801 | Lair:1   | Gained mutation: Your magical capacity is low. (-10% MP)
                  | [potion of mutation]
 16078 | Lair:2   | Noticed an eight-headed hydra
 16096 | Lair:1   | Reached XP level 12. HP: 94/117 MP: 15/15
 16182 | Lair:2   | Killed an eight-headed hydra
 16413 | Lair:2   | Noticed a four-headed hydra
 16543 | Lair:2   | Killed a four-headed hydra
 16560 | Lair:2   | Found a dark tunnel.
 16571 | Volcano  | Entered a volcano
 16811 | Volcano  | Noticed a two-headed ogre
 16819 | Volcano  | Killed a two-headed ogre
 16820 | Volcano  | Reached skill level 12 in Shields
 16827 | Volcano  | Noticed a two-headed ogre
 16837 | Volcano  | Noticed a two-headed ogre
 17275 | Volcano  | Noticed an ogre mage
 17275 | Volcano  | Noticed a two-headed ogre
 17276 | Volcano  | Noticed a two-headed ogre
 17299 | Volcano  | Killed a two-headed ogre
 17305 | Volcano  | HP: 5/117 [ogre mage/bolt of magma (11)]
 17307 | Volcano  | Killed from afar by an ogre mage

Illustrated notes

Levels and vault maps discovered:
D:1:      ncdulo_lavacross, layout_loops_ring, ebering_ecumenical_altar_hall,
          minmay_quantized
D:2:      layout_loops_ring, serial_shops, nicolae_square_shop,
          grunt_ministairs_11
D:3:      layout_basic, serial_shops, nicolae_shop_advertising_works
          [nicolae_subvault_shop_adworks], minmay_hedge_maze,
          hangedman_decor_points, grunt_ministairs_3, uniq_natasha, uniq_robin
D:4:      layout_basic, minmay_temple_entry_glassed_door, gammafunk_ghost_split,
          minmay_crystal_water, minmay_surrounded
D:5:      layout_loops_corners
D:6:      layout_rooms, serial_shops, nicolae_shop_statue_plus
D:7:      layout_basic, lemuel_round_altar, serial_shops, nicolae_square_shop
D:8:      layout_gridville, nicolae_ashenzari_skybound, lair_entry_dummy
D:9:      layout_loops_ring, mainiacjoe_overflow_cross_hatched, lightli_minifort
D:10:     layout_basic, zin_statuary, enter_bailey_7, nzn_random_ring
Lair:1:   lemuel_reptile_caves, layout_regular_city
Lair:2:   gammafunk_indiana_jones, layout_small_grid,
          nicolae_spider_entry_orb_guardian, enter_volcano_2, st_stairs_5,
          grunt_megastairs_2
Volcano:  volcano_pools

Skill      XL: |  1  2  3  4  5  6  7  8  9 10 11 12 |
---------------+-------------------------------------+-----
Fighting       | 2 3 4 5 8 9 11 | 11.8
Dodging        | 2 5 6 |  6.4
Axes           | 2 |  2.0
Shields        | 1 4 6 7 9 10 11 12 | 12.4
Transmutations | 3 |  3.0
Evocations     | 2 3 4 |  4.0
Maces & Flails | 4 8 |  8.4
Stealth        | 2 |  2.7
Unarmed Combat | |  3.0
Spellcasting   | |  2.0

Action                   |  1- 3 |  4- 6 |  7- 9 | 10-12 || total
-------------------------+-------+-------+-------+-------++-------
Melee: Unarmed           |    11 |     1 |       |       ||    12
       Headbutt          |     5 |    11 |    16 |     1 ||    33
       Kick              |    10 |    12 |    17 |    75 ||   114
       Tailslap          |    12 |    47 |    46 |    52 ||   157
       Hand axe          |   103 |       |       |       ||   103
       Punch             |     1 |       |       |       ||     1
       Dagger            |    23 |   286 |   252 |       ||   561
       Morningstar       |       |       |    52 |   332 ||   384
       Flail             |       |       |    20 |       ||    20
Throw: Dart              |       |     3 |     8 |    33 ||    44
       Throwing net      |       |       |     2 |     1 ||     3
       Boomerang         |       |       |       |    16 ||    16
 Cast: Beastly Appendage |    24 |    11 |    16 |     1 ||    52
Invok: Curse Item        |     2 |     1 |     1 |     2 ||     6
       Shatter the Chain |       |       |     1 |       ||     1
 Abil: Breathe Acid      |       |       |    14 |    19 ||    33
Evoke: Wand              |       |     2 |       |     7 ||     9
       Phial of floods   |       |       |       |     1 ||     1
  Use: Potion            |       |     1 |       |     9 ||    10
       Scroll            |       |     1 |     1 |    11 ||    13
 Stab: Sleeping          |       |       |     1 |       ||     1
Armor: Skin              |    57 |    62 |   109 |   106 ||   334
Dodge: Dodged            |   106 |    81 |   158 |   208 ||   553
Block: Buckler           |     6 |     6 |       |       ||    12
       Kite shield       |       |    68 |   205 |   284 ||   557

Table legend: (Time is in decaauts)
 A = Elapsed time spent in this place.
 B = Non-inter-level travel time spent in this place.
 C = Inter-level travel time spent in this place.
 D = Time resting spent in this place.
 E = Time spent auto-exploring this place.
 F = Levels seen in this place.
 G = Mean time per level.
                   A        B        C        D        E       F      G
               +--------+--------+--------+--------+--------+-----+--------+
         Total |  17528 |  16870 |    658 |   1372 |  12558 |  14 | 1252.0 |
       Dungeon |  13460 |  12860 |    600 |    671 |  10021 |  10 | 1346.0 |
          Lair |   2228 |   2171 |     57 |    430 |   1271 |   2 | 1114.0 |
        Bailey |   1102 |   1102 |      0 |    174 |    708 |   1 | 1102.0 |
       Volcano |    736 |    736 |      0 |     97 |    558 |   1 |  736.0 |
               +--------+--------+--------+--------+--------+-----+--------+

Top non-repeatable levels by time:
  Lair:1: 1910 daAuts
     D:1: 1805 daAuts
     D:5: 1766 daAuts
     D:3: 1620 daAuts
     D:4: 1556 daAuts
     D:9: 1414 daAuts
     D:8: 1300 daAuts
    D:10: 1270 daAuts
     D:2: 1146 daAuts
  Bailey: 1102 daAuts
     D:6: 894 daAuts
 Volcano: 736 daAuts
     D:7: 686 daAuts
  Lair:2: 318 daAuts
